 Dungeon Crawl Stone Soup version 0.29-a0-997-gf6f7e2dfe7 (webtiles) character file.

Game seed: 17436436533680716486

93 Newt the Ducker (level 4, 0/33 HPs)
             Began as a Demonspawn Gladiator on Aug 4, 2022.
             Slain by an orc wizard
             ... wielding a +0 dagger
              (3 damage)
             ... on level 2 of the Dungeon.
             The game lasted 00:03:02 (1479 turns).

Newt the Ducker (Demonspawn Gladiator)              Turns: 1479, Time: 00:03:02

Health: 0/33       AC:  7    Str: 13 (16) XL:     4   Next: 37%
Magic:  4/4        EV: 12    Int:  8 (9)  God:
Gold:   105        SH:  3    Dex: 14 (15) Spells: 3/3 levels left

rFire   . . .      SeeInvis .   i - +0 whip (venom)
rCold   . . .      Faith    .   m - +0 buckler
rNeg    . . .      Spirit   .   b - +0 leather armour
rPois   .          Reflect  .   c - +1 helmet
rElec   .          Harm     .   (no cloak)
rCorr   .          Rampage  .   (no gloves)
Will    .....                   (no boots)
Stlth   +.........              (no amulet)
HPRegen 0.11/turn               (no ring)
MPRegen 0.09/turn               (no ring)

@: no status effects
A: slimy green scales 1
a: no special abilities


You were on level 2 of the Dungeon.
You visited 1 branch of the dungeon, and saw 2 of its levels.

You collected 105 gold pieces.

Inventory:

Hand Weapons
 a - a +0 war axe
 i - a +0 whip of venom (weapon)
Missiles
 g - 10 poisoned darts (quivered)
Armour
 b - a +0 leather armour (worn)
 c - a +1 helmet (worn)
 m - a +0 buckler (worn)
Jewellery
 l - an amulet of faith
Potions
 f - a potion of resistance
 h - a potion of degeneration


   Skills:
 + Level 2.3 Fighting
 - Level 2.8(3.2) Axes
 * Level 2.1(2.8) Maces & Flails
 + Level 2.0 Throwing
 + Level 1.2 Armour
 + Level 3.4 Dodging


You had 3 spell levels left.
You didn't know any spells.
Your spell library contained the following spells:

 Spells                   Type           Power      Damage    Failure   Level
 Static Discharge         Conj/Air       0%         3-3/arc   75%         2
 Dispel Undead            Necr           0%         3d6       100%        4
 Sticky Flame             Conj/Fire      0%         2d3       100%        4


Dungeon Overview and Level Annotations

Branches:
Dungeon (2/15)

Altars:

Shops:
D:2 *


Innate Abilities, Weirdness & Mutations

You are partially covered in slimy green scales. (AC +2)


Message History

The ball python bites you.
* * * LOW HITPOINT WARNING * * *
The ball python constricts you.
You hit the ball python.
You kill the ball python!
Throw: throwing net
Press: ? - help, Q - select action, (/) - cycle Shift-Dir - straight line, f - endoplasm
Aim: an endoplasm (86% to hit)
You throw a throwing net. The throwing net hits the endoplasm.
The endoplasm is caught in the net!
Something hits you but does no damage.
The endoplasm struggles against the net.
Throw: javelin
Press: ? - help, Q - select action, (/) - cycle Shift-Dir - straight line, f/p - endoplasm
Aim: an endoplasm (entangled in a net, 93% to hit)
You throw a javelin.
The javelin pierces through the endoplasm!
You kill the endoplasm!
The javelin pierces through the kobold.
You kill the kobold!
Something hits you but does no damage.
You hit something but do no damage. Something hits you.
* * * LOW HITPOINT WARNING * * *
Unknown command.
Throw: 12 darts (poison)
Press: ? - help, Q - select action Shift-Dir - straight line, f - you Really target yourself? [Y]es or [N]o only, please.
Really target yourself?
Okay, then.
Throw: 12 darts (poison)
Press: ? - help, Q - select action Shift-Dir - straight line You throw a poisoned dart.
Something hits you but does no damage.
Unknown command.
Throw: 11 darts (poison)
Press: ? - help, Q - select action Shift-Dir - straight line You throw a poisoned dart.
Something hits you.
You die...

*****,,#########.####
#.#..## *****,,* #(#
#.##.## ,,,,,,,* #.#
#.##.#. ******,* #.#
#...... *,** #.#
######. *,,* #)# #.
**,* #.# #. *,* #(#
#. *,* #@#
###########. *,* #.#
#........... *,* #.#
#.########## *,* #.#
#.# # *******,**
####.# #.##########
,,,,,,,,,* #....#
#...........
*******,,* #.##.###
#.#####.#).. *,,*
#......###†# #.####
*,,** #.......##.#
#.###.


There were no monsters in sight!

Vanquished Creatures
  Terence (D:2)
  An adder (D:2)
  A worm (D:2)
  2 dart slugs (D:1)
  4 orcs (D:2)
  5 ball pythons
  An endoplasm (D:2)
  2 giant cockroaches (D:2)
  2 goblins (D:2)
  6 hobgoblins
  4 jackals (D:1)
  4 bats
  3 frilled lizards
  6 kobolds
  3 rats
45 creatures vanquished.

Vanquished Creatures (others)
  5 plants (D:2)
5 creatures vanquished.

Grand Total: 50 creatures vanquished

Notes
Turn   | Place    | Note
-------+----------+-------------------------------------------
     0 | D:1      | Newt the Demonspawn Gladiator began the quest for the Orb.
     0 | D:1      | Reached XP level 1. HP: 16/16 MP: 1/1
   177 | D:1      | Gained mutation: You are partially covered in slimy green
                  | scales. (AC +2) [demonic ancestry]
   177 | D:1      | Reached XP level 2. HP: 20/22 MP: 2/2
   304 | D:1      | Reached skill level 3 in Dodging
   766 | D:2      | Reached XP level 3. HP: 27/27 MP: 3/3
   772 | D:2      | Reached skill level 1 in Maces & Flails
  1054 | D:2      | Noticed Terence
  1066 | D:2      | Killed Terence
  1259 | D:2      | Found a faded altar of an unknown god.
  1358 | D:2      | Reached XP level 4. HP: 33/33 MP: 4/4
  1361 | D:2      | Found Ruito's Assorted Antiques.
  1369 | D:2      | Reached skill level 1 in Armour
  1479 | D:2      | Slain by an orc wizard

Illustrated notes

Levels and vault maps discovered:
D:1:      lordsloth_arrival_two_stooges, layout_loops_ring
D:2:      layout_loops_ring, hellmonk_ecumenical_altar_run_dry, serial_shops,
          nicolae_shop_overgrown_old_shop, minmay_ruptured, uniq_terence

Skill      XL: |  1  2  3  4 |
---------------+-------------+-----
Dodging        | 3 |  3.4
Maces & Flails | 1 2 |  2.1
Throwing       | 2 |  2.0
Armour         | 1 |  1.2
Fighting       | |  2.3
Axes           | |  2.8

Action                   |  1- 3 |  4- 6 || total
-------------------------+-------+-------++-------
Melee: Whip              |    83 |    38 ||   121
       War axe           |     9 |       ||     9
Throw: Throwing net      |     1 |     2 ||     3
       Dart              |       |     2 ||     2
       Javelin           |       |     1 ||     1
  Use: Scroll            |     6 |       ||     6
       Potion            |       |     2 ||     2
 Stab: Sleeping          |     1 |       ||     1
Armor: Leather armour    |    26 |    23 ||    49
Dodge: Dodged            |    57 |    40 ||    97
Block: Buckler           |     3 |    12 ||    15

Table legend: (Time is in decaauts)
 A = Elapsed time spent in this place.
 B = Non-inter-level travel time spent in this place.
 C = Inter-level travel time spent in this place.
 D = Time resting spent in this place.
 E = Time spent auto-exploring this place.
 F = Levels seen in this place.
 G = Mean time per level.
                   A        B        C        D        E       F      G
               +--------+--------+--------+--------+--------+-----+--------+
         Total |   1495 |   1495 |      0 |      7 |   1171 |   2 |  747.5 |
       Dungeon |   1495 |   1495 |      0 |      7 |   1171 |   2 |  747.5 |
               +--------+--------+--------+--------+--------+-----+--------+

Top non-repeatable levels by time:
     D:2: 765 daAuts
     D:1: 730 daAuts
